 Seeded DCSS version 0.27.1-35-g4d5d836560 (webtiles) character file.

Game seed: 20220408 (custom seed)

65 ImHallYall the Shield-Bearer (level 3, -4/31 HPs)
             Began as a Demigod Fighter on Apr 8, 2022.
             Slain by a gnoll (6 damage)
             ... on level 2 of the Dungeon.
             The game lasted 00:02:58 (1540 turns).

ImHallYall the Shield-Bearer (Demigod Fighter)      Turns: 1540, Time: 00:03:01

Health: -4/31      AC:  7    Str: 21    XL:     3   Next: 67%
Magic:  5/5        EV:  7    Int: 10    God:
Gold:   58         SH:  9    Dex: 13    Spells: 2/2 levels left

rFire    . . .     SeeInvis .   h - +1 morningstar
rCold    . . .     Faith    .   c - +0 kite shield
rNeg     . . .     Spirit   .   b - +0 scale mail
rPois    .         Reflect  .   (no helmet)
rElec    .         Harm     .   (no cloak)
rCorr    .         Rampage  .   e - +0 pair of gloves
Will     .....                  (no boots)
Stlth    ..........             (no amulet)
HPRegen  0.10/turn              (no ring)
MPRegen  0.09/turn              (no ring)

@: slowed, very slow
A: high mp 1, forlorn
a: no special abilities


You were on level 2 of the Dungeon.
You visited 1 branch of the dungeon, and saw 2 of its levels.

You collected 58 gold pieces.

Inventory:

Hand Weapons
 a - a +1 war axe
 h - a +1 morningstar (weapon)
Armour
 b - a +0 scale mail (worn)
 c - a +0 kite shield (worn)
 e - a +0 pair of gloves (worn)
Scrolls
 f - 2 scrolls of enchant weapon
 g - a scroll of amnesia {unknown}
 i - a scroll of enchant armour {unknown}
Potions
 d - 2 potions of might


   Skills:
 + Level 3.0 Fighting
 + Level 2.2(2.3) Axes
 + Level 1.0(1.7) Maces & Flails
 + Level 3.1 Armour
 + Level 0.1 Dodging
 + Level 3.3 Shields


You had 2 spell levels left.
You didn't know any spells.
Your spell library was empty.

Dungeon Overview and Level Annotations

Branches:
Dungeon (2/15)

Annotations:
D:2 Natasha


Innate Abilities, Weirdness & Mutations

Your attributes grow dramatically as you level up.
You have an increased reservoir of magic. (+10% MP)
You shall have no god before yourself.


Message History

A frilled lizard comes into view.
You block the gnoll's attack.
Natasha moves out of view.
The gnoll shouts!
The frilled lizard hisses angrily.
You sock the gnoll!
The gnoll is severely wounded.
The gnoll hits you but does no damage. You block the gnoll's attack.
The gnoll barely misses you. You block the gnoll's attack.
You closely miss the gnoll.
The gnoll is severely wounded.
The gnoll barely misses you. The gnoll hits you with a +0 flail.
The gnoll hits you from afar with a +0 spear.
The gnoll hits you with a +0 flail.
You puncture the gnoll!
You kill the gnoll!
The gnoll hits you from afar with a +0 spear.
The gnoll closely misses you.
Natasha stares at you and mumbles some strange words.
You feel yourself slow down.
The gnoll hits you from afar with a +0 spear.
Your shield prevents you from hitting the gnoll.
You block the gnoll's attack. x2; Natasha claws you.
The gnoll barely misses you. The gnoll hits you but does no damage.
You block the gnoll's attack. Natasha claws you.
You hit the gnoll.
The gnoll is moderately wounded.
The gnoll barely misses you. x3; You block Natasha's attack.
The gnoll barely misses you. You block the gnoll's attack.
The gnoll barely misses you. Natasha claws you.
* * * LOW HITPOINT WARNING * * *
The frilled lizard hisses.
The gnoll hits you from afar with a +0 spear.
* * * LOW HITPOINT WARNING * * *
As you read the scroll of enchant weapon, it crumbles to dust.
Your +0 war axe glows red for a moment.
You block the gnoll's attack. The gnoll hits you but does no damage.
The frilled lizard bites you but does no damage.
Natasha claws you.
* * * LOW HITPOINT WARNING * * *
You block the gnoll's attack. The gnoll hits you with a +0 flail.
You die...

##...##.. .# 8...8 .##.#
# #?..# .... #### #...#
... ...#########...##..
....#.....#8...8#.#
..........##...##.#
................@g#
...##.....(....lhgg..#
...##..............#..#
...##........####.......
...########### ##.....
...# ###.# ...# . #..#
##.#


You could see Natasha, 3 gnolls and a frilled lizard.

Vanquished Creatures
  Jessica (D:2)
  A gnoll (D:2)
  A dart slug (D:2)
  2 ball pythons (D:1)
  5 bats (D:1)
  2 endoplasms (D:1)
  2 giant cockroaches (D:1)
  3 hobgoblins
  3 jackals (D:1)
  2 kobolds (D:1)
  A quokka (D:1)
  A frilled lizard (D:1)
  A rat (D:1)
25 creatures vanquished.

Notes
Turn   | Place    | Note
-------+----------+-------------------------------------------
     0 | D:1      | ImHallYall the Demigod Fighter began the quest for the Orb.
     0 | D:1      | Reached XP level 1. HP: 18/18 MP: 3/3
   211 | D:1      | Reached XP level 2. HP: 25/25 MP: 4/4
  1000 | D:2      | Noticed Jessica
  1018 | D:2      | HP: 1/25 [Jessica/nerve-wracking pain (13)]
  1020 | D:2      | Killed Jessica
  1021 | D:2      | Reached skill level 1 in Maces & Flails
  1021 | D:2      | Reached XP level 3. HP: 1/31 MP: 5/5
  1534 | D:2      | Noticed Natasha
  1540 | D:2      | Slain by a gnoll

Illustrated notes

Levels and vault maps discovered:
D:1:      dpeg_arrival_tiny_d, layout_basic
D:2:      layout_rooms, hellmonk_ecumenical_altar_arch_garden,
          chequers_hall_statues_y, uniq_natasha, uniq_jessica

Skill      XL: |  1  2 |
---------------+-------+-----
Armour         | 3 |  3.1
Axes           | 2 |  2.2
Shields        | 3 |  3.3
Fighting       | 3 |  3.0
Maces & Flails | 1 |  1.0
Dodging        | |  0.1

Action                   || total
-------------------------++-------
Melee: War axe           ||    14
       Morningstar       ||    45
  Use: Scroll            ||     3
Armor: Scale mail        ||    48
Dodge: Dodged            ||    39
Block: Kite shield       ||    55
